 Dungeon Crawl Stone Soup version 0.29-a0-350-g7790a0e70a (webtiles) character file.

Game seed: 17027838921251400920

110 avis the Ruffian (level 4, -6/41 HPs)
             Began as a Hill Orc Monk on Apr 23, 2022.
             Mangled by an iguana (7 damage)
             ... on level 4 of the Dungeon.
             The game lasted 00:12:33 (3313 turns).

avis the Ruffian (Hill Orc Monk)                    Turns: 3313, Time: 00:12:33

Health: -6/41      AC:  3    Str: 15    XL:     4   Next: 91%
Magic:  4/4        EV: 12    Int: 10    God:
Gold:   203        SH:  0    Dex: 13    Spells: 3/3 levels left

rFire   . . .      SeeInvis .     - Unarmed
rCold   . . .      Faith    .   (no shield)
rNeg    . . .      Spirit   .   r - +0 leather armour
rPois   .          Reflect  .   (no helmet)
rElec   .          Harm     .   (no cloak)
rCorr   .          Rampage  .   (no gloves)
Will    .....                   (no boots)
Stlth   ++........              (no amulet)
HPRegen 0.13/turn               (no ring)
MPRegen 0.09/turn               (no ring)

@: no status effects
A: no striking features
a: no special abilities


You were on level 4 of the Dungeon.
You visited 1 branch of the dungeon, and saw 4 of its levels.

You collected 203 gold pieces.

Inventory:

Missiles
 c - 126 stones (quivered)
Armour
 a - a +0 robe
 m - a +0 chain mail
 r - a +0 leather armour (worn)
Jewellery
 o - an amulet of faith
Wands
 n - a wand of flame (14)
 s - a wand of digging (8)
Scrolls
 d - 6 scrolls of identify {unknown}
 f - 4 scrolls of teleportation {unknown}
 g - 2 scrolls of blinking {unknown}
 h - a scroll of amnesia {unknown}
 j - a scroll of holy word {unknown}
 k - a scroll of fog {unknown}
 p - a scroll of brand weapon {unknown}
 u - a scroll of enchant armour {unknown}
Potions
 b - a potion of ambrosia
 e - a potion of lignification {unknown}
 i - a potion of might {unknown}
 l - a potion of haste {unknown}
 q - a potion of brilliance {unknown}
 t - a potion of mutation {unknown}


   Skills:
 + Level 4.8 Fighting
 - Level 2.4 Dodging
 - Level 1.5 Stealth
 * Level 5.2 Unarmed Combat


You had 3 spell levels left.
You didn't know any spells.
Your spell library contained the following spells:

 Spells                   Type           Power      Damage    Failure   Level
 Slow                     Hex            0%         N/A       43%         1
 Confusing Touch          Hex            0%         N/A       80%         3
 Vampiric Draining        Necr           0%         2d6       80%         3


Dungeon Overview and Level Annotations

Branches:
Dungeon (4/15)
 Temple: D:4-7

Altars:

Shops:
D:1 (


Message History

The kobold throws a stone.
The stone completely misses you.
The iguana hisses angrily.
The kobold hits you with a +0 dagger.
You climb upwards.
There is a stone staircase leading down here.
You hit the kobold but do no damage. The kobold hits you with a +0 dagger.
You punch the kobold!
You kill the kobold!
c - 126 stones (gained 2)
Things that are here:
a +0 dagger; a +0 falchion
There is a stone staircase leading down here.
You start resting.
HP restored.
You climb downwards.
The iguana closely misses you. The iguana bites you!
There is a stone staircase leading up, spattered with blood here.
You barely miss the iguana. The iguana closely misses you.
You barely miss the iguana. The iguana barely misses you.
You barely miss the iguana. The iguana closely misses you.
You barely miss the iguana. The iguana barely misses you.
You hit the iguana.
The iguana is moderately wounded.
You barely miss the iguana.
The iguana is moderately wounded.
The iguana bites you.
You barely miss the iguana.
The iguana is moderately wounded.
The iguana closely misses you.
You barely miss the iguana.
The iguana is moderately wounded.
The iguana bites you!
* * * LOW HITPOINT WARNING * * *
You hit the iguana.
The iguana is moderately wounded.
The iguana bites you!
* * * LOW HITPOINT WARNING * * *
You closely miss the iguana.
The iguana is moderately wounded.
The iguana bites you!
You die...

### .. # #. .#
#.##.#####
#.........
#.@.......
......l##.#####
###.... ..
#.... ... #..##
##. .... ###.
#.


You could see an iguana.

Vanquished Creatures
  Jessica (D:2)
  An adder (D:3)
  A worm (D:2)
  3 dart slugs
  5 endoplasms
  3 goblins
  6 hobgoblins
  4 jackals (D:1)
  5 quokkas
  8 ball pythons
  9 bats
  2 frilled lizards
  8 kobolds
  5 rats
61 creatures vanquished.

Notes
Turn   | Place    | Note
-------+----------+-------------------------------------------
     0 | D:1      | avis the Hill Orc Monk began the quest for the Orb.
     0 | D:1      | Reached XP level 1. HP: 19/19 MP: 1/1
   306 | D:1      | Reached XP level 2. HP: 23/27 MP: 2/2
   361 | D:1      | Found a faded altar of an unknown god.
   584 | D:1      | Found Xeiceq's Antique Weapon Shoppe.
   625 | D:1      | Reached skill level 4 in Unarmed Combat
   949 | D:1      | Reached XP level 3. HP: 33/33 MP: 3/3
  1587 | D:2      | You fall into a shaft and drop 1 floor!
  1986 | D:2      | Noticed Jessica
  2005 | D:2      | Killed Jessica
  2006 | D:2      | Reached XP level 4. HP: 20/41 MP: 4/4
  2296 | D:2      | Reached skill level 5 in Unarmed Combat
  3312 | D:4      | HP: 1/41 [iguana (11)]
  3313 | D:4      | Mangled by an iguana

Illustrated notes

Levels and vault maps discovered:
D:1:      roderic_chinese_lattice_arrival, layout_loops_ring,
          shapermc_ecumenical_altar_gd, serial_shops,
          nicolae_shop_hallway_stairs, moated_statue
D:2:      layout_rooms, minmay_octomino_j4, uniq_jessica
D:3:      layout_rooms
D:4:      layout_loops_ring, jmf_multi_god_temple,
          gammafunk_ghost_nasty_kobolds, uniq_robin, uniq_menkaure, uniq_grinder

Skill      XL: |  1  2  3  4 |
---------------+-------------+-----
Fighting       | 4 |  4.8
Unarmed Combat | 4 5 |  5.2
Dodging        | |  2.4
Stealth        | |  1.5

Action                   |  1- 3 |  4- 6 || total
-------------------------+-------+-------++-------
Melee: Unarmed           |   153 |    58 ||   211
       Punch             |     1 |       ||     1
 Stab: Sleeping          |     6 |     2 ||     8
Armor: Robe              |    30 |     3 ||    33
       Leather armour    |       |     1 ||     1
Dodge: Dodged            |    93 |    34 ||   127

Table legend: (Time is in decaauts)
 A = Elapsed time spent in this place.
 B = Non-inter-level travel time spent in this place.
 C = Inter-level travel time spent in this place.
 D = Time resting spent in this place.
 E = Time spent auto-exploring this place.
 F = Levels seen in this place.
 G = Mean time per level.
                   A        B        C        D        E       F      G
               +--------+--------+--------+--------+--------+-----+--------+
         Total |   3304 |   3055 |    249 |   1012 |   1253 |   4 |  826.0 |
       Dungeon |   3304 |   3055 |    249 |   1012 |   1253 |   4 |  826.0 |
               +--------+--------+--------+--------+--------+-----+--------+

Top non-repeatable levels by time:
     D:1: 1415 daAuts
     D:2: 987 daAuts
     D:3: 861 daAuts
     D:4: 40 daAuts
